Map: Bel'Shir Vestige LE (Void)

Players

zuka - Winner!

  • Race: Protoss Protoss
  • League: Master
  • Spawn Location: 11:00

DeathByToss

  • Race: Protoss Protoss
  • League: Master
  • Spawn Location: 5:00

VOD

Have the link to the VOD?

Description

meeK vs zuka

Time

  • Played on: Feb. 17, 2017, 1:04 p.m.
  • Length: 8:04
Show
View Real Time Build Order
Export as new Build Order

zuka Protoss - Winner!

Build Orders:  

Get SALT Encoding   

  12  0:01  Probe (Chrono Boost)  
  13  0:11  Probe (Chrono Boost)  
  14  0:17  Pylon  
  14  0:22  Probe (Chrono Boost)  
  15  0:36  Probe (Chrono Boost)  
  15  0:37  Gateway  
  16  0:46  Probe (Chrono Boost)  
  16  0:49  Assimilator  
  17  0:53  Assimilator  
  17  0:58  Probe (Chrono Boost)  
  18  1:08  Probe (Chrono Boost)  
  18  1:11  Gateway  
  19  1:19  Probe (Chrono Boost)  
  20  1:26  Cybernetics Core  
  20  1:30  Probe (Chrono Boost)  
  21  1:36  Pylon  
  21  1:40  Probe (Chrono Boost)  
  22  1:51  Probe (Chrono Boost)  
  23  2:02  Stalker  
  23  2:04  Pylon  
  23  2:07  Stalker  
  27  2:13  Warp Gate  
  27  2:30  Robotics Facility  
  27  2:34  Stalker  
  29  2:41  Stalker  
  30  3:03  Stalker  
  30  3:10  Mothership Core (Chrono Boost)  
  32  3:14  Pylon  
  32  3:16  Stalker  
  30  3:36  Stalker  
  29  4:02  Stalker  
  29  4:12  Mothership Core (Chrono Boost)  
  29  4:15  Gateway  
  29  4:19  Zealot  
  32  4:36  Warp Prism  
  32  4:37  Gateway  
  33  4:55  Stalker  
  33  4:59  Stalker  
  37  5:14  Pylon  
  37  5:21  Adept x2  
  45  5:47  Observer  
  42  5:59  Zealot, Sentry  
  42  6:00  Zealot  
  42  6:01  Zealot  
  50  6:07  Pylon  
  50  6:15  Pylon  
  50  6:21  Sentry  
  52  6:30  Sentry  
  52  6:31  Zealot x2  
  58  6:50  Immortal  
  60  7:08  Zealot  
  60  7:11  Pylon  
  60  7:13  Pylon  
  60  7:14  Pylon  
  60  7:22  Pylon  
  56  7:40  Stalker x3  
Show
View Real Time Build Order
Export as new Build Order

DeathByToss Protoss 

Build Orders:  

Get SALT Encoding   

  12  0:00  Probe (Chrono Boost)  
  13  0:12  Probe (Chrono Boost)  
  14  0:17  Pylon  
  14  0:22  Probe (Chrono Boost)  
  15  0:35  Probe (Chrono Boost)  
  16  0:38  Gateway  
  16  0:43  Assimilator  
  16  0:47  Probe (Chrono Boost)  
  17  0:55  Pylon  
  17  0:59  Probe (Chrono Boost)  
  18  1:14  Gateway  
  18  1:19  Gateway  
  18  1:29  Cybernetics Core  
  18  1:34  Probe (Chrono Boost)  
  18  1:39  Assimilator  
  19  1:44  Probe (Chrono Boost)  
  20  1:57  Probe (Chrono Boost)  
  21  2:05  Stalker x2  
  21  2:08  Stalker  
  27  2:18  Pylon  
  27  2:25  Probe (Chrono Boost)  
  28  2:34  Stalker  
  28  2:35  Warp Gate  
  28  2:36  Stalker  
  32  2:51  Stalker  
  34  3:04  Stalker  
  34  3:05  Stalker  
  36  3:12  Pylon  
  34  3:29  Stalker  
  34  3:34  Stalker  
  34  3:37  Stalker  
  34  3:59  Stalker  
  32  4:11  Twilight Council  
  30  4:36  Stalker x2  
  34  4:51  Dark Shrine  
  34  4:56  Nexus  
  34  5:04  Probe (Chrono Boost)  
  35  5:20  Probe (Chrono Boost)  
  36  5:25  Pylon  
  36  5:33  Mothership Core (Chrono Boost)  
  35  5:51  Probe (Chrono Boost)  
  35  6:04  Dark Templar  
  37  6:09  Probe (Chrono Boost)  
  38  6:17  Probe (Chrono Boost)  
  39  6:21  Assimilator  
  39  6:22  Gateway x2  
  39  6:33  Stalker x2  
  43  6:40  Probe x2 (Chrono Boost)  
  45  6:56  Stalker x2  
  49  7:18  Stalker  
  49  7:19  Stalker x2  
  49  7:22  Adept  
  57  7:30  Adept  
  53  7:41  Stalker x2  
  43  7:48  Adept  
  35  7:53  Probe x2 (Chrono Boost)  
Tags
 
Add a new tag
Caveats
  • Supply blocks, unpowered buildings, or Contaminate may cause inaccurate times.
  • Supply counts are checked every 10 seconds.